 Dungeon Crawl Stone Soup version 0.23-a0-619-g281719c (webtiles) character file.

331110 Lavandula the Stormcaller (level 22, -27/141 HPs)
             Began as a Halfling Enchanter on Dec 21, 2018.
             Was the Champion of Vehumet.
             Killed from afar by a shadow dragon (54 damage)
             ... with a bolt of negative energy
             ... on level 5 of the Vaults on Dec 22, 2018.
             The game lasted 04:15:37 (26659 turns).

Lavandula the Stormcaller (Halfling Enchanter)     Turns: 26659, Time: 04:15:38

Health: -27/141    AC: 16    Str:  9    XL:     22   Next: 74%
Magic:  37/41      EV: 28    Int: 20    God:    Vehumet [******]
Gold:   54         SH:  0    Dex: 23    Spells: 2/51 levels left

rFire    + . .     SeeInvis .   h - staff of wizardry
rCold    . . .     Gourm    .   (shield currently unavailable)
rNeg     . . .     Faith    .   M - +0 troll leather armour
rPois    .         Spirit   .   O - +1 helmet
rElec    .         Reflect  .   f - scarf {cloud immunity}
rCorr    .         Harm     .   k - +2 pair of gloves
MR       +....                  g - +2 pair of boots {Fly}
Stlth    +++++.....             B - amulet of the acrobat
HPRegen  0.73/turn              H - +4 ring of protection
MPRegen  0.27/turn              a - ring of protection from fire

@: agile, marked, flying, very slightly contaminated, drained
A: small, mutation resistance 1
}: 2/15 runes: decaying, gossamer
a: Renounce Religion, Stop Flying


You were on level 5 of the Vaults.
You worshipped Vehumet.
Vehumet was exalted by your worship.
You were not hungry.

You visited 9 branches of the dungeon, and saw 39 of its levels.
You also visited: Ossuary, Bailey and Ice Cave.

You collected 2920 gold pieces.
You spent 2866 gold pieces at shops.

Inventory:

Hand Weapons
 b - the +9 staff of Olgreb {rPois}
   (You found it on level 5 of the Dungeon)

   It protects you from poison.
 j - the +3 spear "Mutid Coci" {drain, rElec rN+ Str+2}
   (You found it on level 6 of the Lair of Beasts)

   A truly terrible weapon, it drains the life of those it strikes.
   It affects your strength (+2).
   It insulates you from electricity.
   It protects you from negative energy.
 m - a +4 demon blade of freezing
 r - a +3 dagger of flaming
 w - a +4 scimitar of flaming
 Q - the +5 scimitar of Honanib {freeze, rC+ SInv}
   (You bought it in a shop on level 2 of the Orcish Mines)

   It has been specially enchanted to freeze those struck by it, causing extra
   injury to most foes and up to half again as much damage against particularly
   susceptible opponents.
   It can also slow down cold-blooded creatures.
   It protects you from cold.
   It lets you see invisible.
Missiles
 D - a throwing net (quivered)
Armour
 f - a scarf of cloud immunity (worn)
 g - a +2 pair of boots of flying (worn)
 k - a +2 pair of gloves (worn)
 q - a +2 robe of magic resistance
 M - a +0 troll leather armour (worn)
 O - a +1 helmet (worn)
 S - +4 fire dragon scales {Xtahua}
Magical Staves
 h - an uncursed staff of wizardry (weapon)
 v - an uncursed staff of energy
Jewellery
 a - a ring of protection from fire (right hand)
 B - an amulet of the acrobat (around neck)
 H - a +4 ring of protection (left hand)
 K - an uncursed amulet of rage
 W - an uncursed ring of poison resistance
 Z - an uncursed ring of positive energy
Wands
 s - a wand of random effects (67)
 u - a wand of flame (6)
 y - a wand of paralysis (27)
 A - a wand of clouds (5)
 C - a wand of iceblast (32)
 U - a wand of digging (8)
 X - a wand of disintegration (55)
Scrolls
 n - a scroll of amnesia
 z - 5 scrolls of identify
 J - 2 scrolls of silence
 L - 2 scrolls of magic mapping
 N - 3 scrolls of enchant weapon
 P - 6 scrolls of remove curse
Potions
 c - a potion of lignification
 E - 7 potions of haste
 T - 6 potions of curing
 V - a potion of might
 Y - 2 potions of berserk rage
Miscellaneous
 x - a sack of spiders
 F - a lightning rod (3/4)
 I - a lamp of fire
Comestibles
 d - 18 rations


   Skills:
 - Level 9.1(7.9) Fighting
 - Level 7.5(11.3) Short Blades
 - Level 13.5(12.6) Long Blades
 - Level 3.5(2.5) Armour
 - Level 10.7(9.5) Dodging
 - Level 8.7(7.5) Stealth
 - Level 15.0(13.6) Spellcasting
 - Level 5.6(4.5) Conjurations
 - Level 2.4(1.4) Hexes
 - Level 6.9(5.7) Charms
 - Level 6.4(5.3) Summonings
 - Level 3.1(2.0) Translocations
 - Level 4.1(3.1) Transmutations
 - Level 3.3(2.3) Ice Magic
 + Level 16.9(15.5) Air Magic
 - Level 8.8(7.6) Earth Magic
 - Level 3.2(2.2) Poison Magic
 - Level 9.0(7.8) Evocations


You had 2 spell levels left.
You knew the following spells:

 Your Spells              Type           Power        Failure   Level  Hunger
a - Ignite Poison         Fire/Tmut/Pois ###.....     1%          3    None
b - Statue Form           Tmut/Erth      #####....    38%         6    #####..
c - Tornado               Air            ######....   67%         9    #######
d - Dazzling Spray        Conj/Hex       ####..       1%          3    None
e - Deflect Missiles      Chrm/Air       ######....   4%          6    #####..
g - Apportation           Tloc           ###...       1%          1    None
h - Irradiate             Conj/Tmut      ####......   4%          5    ####...
i - Mephitic Cloud        Conj/Pois/Air  #####...     1%          3    None
j - Freezing Cloud        Conj/Ice/Air   #####.....   5%          6    #####..
k - Summon Butterflies    Summ           ####....     1%          1    None
l - Summon Lightning Spi  Summ/Air       ######..     1%          4    None
m - Blink                 Tloc           N/A          1%          2    None

Your spell library contained the following spells:

 Spells                   Type           Power        Failure   Level  Hunger
 Chain Lightning          Conj/Air       ######....   52%         8    #######
 Fire Storm               Conj/Fire      ###.......   100%        9    #######
 Glaciate                 Conj/Ice       ####......   100%        9    #######
 Confusing Touch          Hex            ###...       1%          1    None
 Corona                   Hex            ###....      1%          1    None
 Magic Dart               Conj           ####         1%          1    None
 Sting                    Conj/Pois      ####         1%          1    None
 Call Imp                 Summ           ####....     1%          2    None
 Ensorcelled Hibernation  Hex/Ice        ###...       1%          2    None
 Poisonous Vapours        Pois/Air       #####.       1%          2    None
 Pain                     Necr           ##..         2%          1    None
 Slow                     Hex            ###.....     2%          2    None
 Conjure Flame            Conj/Fire      ###.....     1%          3    None
 Static Discharge         Conj/Air       ######..     1%          3    None
 Lightning Bolt           Conj/Air       ######....   1%          5    ####...
 Conjure Ball Lightning   Conj/Air       ######....   1%          6    #####..
 Petrify                  Tmut/Erth      #####...     2%          4    None
 Silence                  Hex/Air        #####.....   2%          5    ####...
 Gell's Gravitas          Tloc           ###.......   3%          3    None
 Lesser Beckoning         Tloc           ###.......   3%          3    None
 Olgreb's Toxic Radiance  Pois           ###.....     3%          4    None
 Confuse                  Hex            ###.....     4%          3    None
 Tukima's Dance           Hex            ###.....     4%          3    None
 Venom Bolt               Conj/Pois      ####......   5%          5    ####...
 Summon Ice Beast         Ice/Summ       ####....     6%          4    None
 Yara's Violent Unravell  Hex/Tmut       ###.......   8%          5    ####...
 Ice Form                 Ice/Tmut       ###.....     9%          4    None
 Alistair's Intoxication  Tmut/Pois      ###.....     24%         5    ####...
 Bolt of Cold             Conj/Ice       ####......   24%         6    #####..
 Metabolic Englaciation   Hex/Ice        ###.......   32%         5    ####...
 Hydra Form               Tmut           ####......   69%         6    #####..
 Invisibility             Hex            ###.....     89%         6    #####..
 Death Channel            Necr           ##........   98%         6    #####..
 Dragon Form              Tmut           ####......   99%         7    #######
 Ignition                 Fire           ##........   100%        8    #######
 Shatter                  Erth           #####.....   100%        9    #######


Dungeon Overview and Level Annotations

Branches:
Dungeon (15/15)            Temple (1/1) D:5            Lair (6/6) D:8
  Swamp (4/4) Lair:2       Spider (4/4) Lair:4        Slime (0/5) Lair:6
    Orc (2/2) D:11            Elf (1/3) Orc:2        Vaults (5/5) D:14
  Crypt (1/3) Vaults:3
 Depths: D:15

Altars:
Ashenzari
Cheibriados
Dithmenos
Elyvilon
Fedhas
Gozag
Hepliaklqana
Kikubaaqudgha
Makhleb
Nemelex Xobeh
Okawaru
Qazlal
Ru
Sif Muna
Trog
Uskayaw
Vehumet
Wu Jian
Xom
Yredelemnul
Zin
The Shining One
Beogh

Shops:
D:6 (%=   D:14 !   Orc:2 !(?:   Vaults:4 :

Annotations:
D:5 1 runed door, Edmund
D:10 2 transporters, Duffy's ghost, journeyman NaGl
Lair:2 swamp
Spider:2 Asterion


Innate Abilities, Weirdness & Mutations

You are small and have problems with some larger weapons.
You are somewhat resistant to further mutation.


Message History

The deep troll misses you.
The stone giant throws a large rock.
The large rock completely misses you.
The ironbrand convoker is empowered by the deep elf high priest's aura!
Unknown command.
Unknown command.
Casting: Blink (safe; 1% risk of failure)
Confirm with . or Enter, or press ? or * to list all spells.
You blink.
You revert to your normal fleshy form.
Your +2 pair of gloves unmelds from your body.
Your +2 pair of boots of flying unmelds from your body.
Your +0 troll leather armour unmelds from your body.
You fly up into the air.
The ironbrand convoker points at the ettin and mumbles some strange words.
The ettin seems to grow stronger.
The ironheart preserver gestures wildly while chanting.
The ironheart preserver begins to accept its allies' injuries.
The shadow dragon breathes negative energy at you.
The bolt of negative energy hits you!
You feel drained.
You die...

........# .......#
...... ...$.
#########...##
#[($((.#.....#..#
#%!..§p.C....#..#
...%#$.....p..D@.#.(#
....#...p.pDTD...#..#
.....#.p.pQC#.CC..#..#
....###C...###..D##..#
..... p...C.#p..C.#..#
...D.CD..*.eC...C.#.(#
.....p............#..#
...#....p.C.#
#################D.).#


You could see 3 shadow dragons, an iron dragon (inner flame), 2 ironheart
preservers, a frost giant (inner flame), 3 stone giants, 3 vault wardens, a
tengu reaver (inner flame), a vault guard (inner flame), 3 ettins, a deep troll
(inner flame) and an ironbrand convoker (inner flame).

Vanquished Creatures
  An ancient lich (Vaults:5)
  Xtahua (Vaults:3)
  Nikola (Vaults:2)
  An Ice Fiend (IceCv)
  2 tentacled monstrosities (Vaults:5)
  A titan (Vaults:5)
  3 tengu reavers (Vaults:5)
  A sphinx (Vaults:2)
  4 shadow dragons
  2 thorn hunters
  A frost giant (Vaults:5)
  4 ghost moths (Spider:4)
  3 deep elf sorcerers
  An emperor scorpion (Spider:4)
  15 ironheart preservers
  9 vault wardens
  A deep elf elementalist (Vaults:5)
  2 war gargoyles
  2 entropy weavers
  7 stone giants
  5 very ugly things
  Nessos (D:14)
  2 deep elf demonologists (Vaults:3)
  2 spark wasps
  4 deep elf annihilators
  6 ettins
  3 deep elf death magi
  A crystal guardian (Vaults:4)
  A fire dragon (Vaults:1)
  8 ogre magi
  A great orb of eyes (Vaults:3)
  19 hydras
  33 vault guards
  9 yaktaur captains
  2 rakshasas
  An ice dragon (Vaults:5)
  A ghost crab (Swamp:2)
  Erolcha (Orc:2)
  A catoblepas (Lair:6)
  A dancing weapon (Orc:2)
  6 alligators
  4 centaur warriors
  25 two-headed ogres
  5 death yaks (Lair:6)
  A deep troll earth mage (Vaults:4)
  2 deep troll shamans
  A tengu warrior (D:14)
  Nergalle (Orc:2)
  7 deep elf knights
  8 hell knights (Vaults:4)
  An unseen horror (shapeshifter) (D:14)
  6 deep trolls
  5 shadow wraiths
  A sea snake (shapeshifter) (Vaults:5)
  2 unseen horrors (D:12)
  2 skeletal warriors (D:14)
  2 spriggan druids
  7 deep elf archers
  13 swamp dragons
  16 orb spiders
  8 ironbrand convokers
  6 necromancers
  27 wolf spiders
  A fire giant zombie (Vaults:5)
  16 orc knights
  11 orc sorcerers
  14 deep elf magi
  3 cyclopes
  A manticore (shapeshifter) (Vaults:5)
  A cyclops (shapeshifter) (Vaults:5)
  28 ugly things
  A fire giant skeleton (Vaults:4)
  3 moths of wrath
  A stone giant skeleton (Vaults:4)
  8 elephants
  An ice statue (IceCv)
  A black mamba (Lair:2)
  21 vault sentinels
  A torpor snail (Spider:1)
  18 spiny frogs
  A gargoyle (D:10)
  9 komodo dragons
  A kobold demonologist (D:12)
  3 rime drakes
  10 demonic crawlers
  An efreet (D:14)
  19 yaktaurs
  5 ice devils (IceCv)
  A human skeleton (Vaults:4)
  4 anaconda simulacra (IceCv)
  9 freezing wraiths
  8 trolls
  A jumping spider (shapeshifter) (Vaults:1)
  28 jumping spiders
  7 tyrant leeches
  16 hornets
  A wind drake (shapeshifter) (D:13)
  A polar bear (Lair:6)
  A wolf spider simulacrum (IceCv)
  21 slime creatures
  9 blink frogs
  4 dream sheep (Lair:5)
  3 hippogriffs
  7 bog bodies
  67 redbacks
  2 vampires (D:11)
  30 tarantellas
  2 wyverns (D:9)
  2 shadows
  4 spriggans
  3 dire elephant simulacra (IceCv)
  2 wraiths (Ossuary)
  An ettin skeleton (Vaults:4)
  23 yaks
  4 basilisks
  18 humans (D:14)
  5 vampire mosquitoes (Lair:2)
  2 human simulacra
  15 swamp worms
  7 harpy simulacra (IceCv)
  9 insubstantial wisps
  An iron troll simulacrum (IceCv)
  2 soldier ants
  4 wargs
  An acid dragon (Vaults:2)
  12 water moccasins
  A hydra simulacrum (IceCv)
  6 porcupines
  A hornet zombie (D:6)
  14 swamp drakes
  3 sky beasts
  3 ettin simulacra (IceCv)
  2 eyes of draining
  36 orc warriors
  2 black bears (Lair:6)
  3 phantoms
  4 ice beasts
  7 boggarts
  An alligator simulacrum (IceCv)
  A necrophage (D:6)
  36 ogres
  8 wolves
  24 centaurs
  8 crocodiles
  2 elf skeletons
  A human zombie (Vaults:4)
  9 big kobolds
  13 bullfrogs
  3 gnoll sergeants (D:11)
  3 scorpions
  2 water moccasin skeletons (D:11)
  14 killer bees
  7 wights
  5 howler monkeys
  5 crimson imps
  3 centaur zombies
  A quasit (D:6)
  A bullfrog zombie (D:10)
  A draconian simulacrum (IceCv)
  2 bullfrog skeletons
  9 hounds
  6 jellies
  9 orc priests
  3 centaur skeletons
  Ijyb (D:3)
  10 iguanas
  29 orc wizards
  A spriggan simulacrum (IceCv)
  4 troll simulacra (IceCv)
  6 worker ants
  A killer bee zombie (D:9)
  3 centaur simulacra (IceCv)
  3 hound zombies
  2 hound skeletons
  A worker ant zombie (D:6)
  7 gnolls
  3 ogre simulacra (IceCv)
  2 adders
  2 naga simulacra (IceCv)
  2 shadow imps (D:6)
  5 white imps
  8 ufetubi (IceCv)
  An ooze (D:3)
  3 adder skeletons
  An adder zombie (Ossuary)
  2 worms (D:3)
  A dart slug (D:1)
  5 leopard geckos
  120 orcs
  6 giant cockroaches
  6 goblins
  3 hobgoblins (D:3)
  2 jackals (D:6)
  3 quokkas
  2 ball pythons
  3 bats
  5 frilled lizards
  3 hobgoblin zombies (Ossuary)
  7 kobolds
  2 kobold zombies (Ossuary)
  A leopard gecko skeleton (D:7)
  An orc skeleton (Ossuary)
  2 rats
  A fungus (D:8)
1365 creatures vanquished.

Vanquished Creatures (collateral kills)
  A frost giant (Vaults:3)
  An ironheart preserver (Vaults:4)
  2 stone giants
  2 deep elf death magi
  A deep elf knight (Vaults:3)
  A small abomination (Vaults:3)
  A skeletal warrior (D:14)
  An ironbrand convoker (Vaults:4)
  An orc knight (Vaults:1)
  A yaktaur (Vaults:4)
  A slime creature (Vaults:3)
  An orc warrior (Vaults:2)
  A boggart (Vaults:1)
  An ogre (Vaults:2)
  An orc skeleton (Vaults:1)
  A deep troll simulacrum (Vaults:1)
  An orc (Vaults:1)
  A crawling corpse (Vaults:3)
20 creatures vanquished.

Vanquished Creatures (others)
  A hydra (Lair:6)
  A skeletal warrior (D:14)
  A vault sentinel (Vaults:4)
  A yaktaur (Vaults:4)
  2 ball lightnings
  A troll (D:11)
  3 slime creatures
  A swamp drake (Swamp:4)
  An ogre (Vaults:5)
  6 briar patches (Swamp:4)
  5 plants
23 creatures vanquished.

Grand Total: 1408 creatures vanquished

Notes
Turn   | Place    | Note
-------+----------+-------------------------------------------
     0 | D:1      | Lavandula the Halfling Enchanter began the quest for the
                  | Orb.
     0 | D:1      | Reached XP level 1. HP: 11/11 MP: 3/3
    56 | D:1      | Reached XP level 2. HP: 14/17 MP: 4/4
    60 | D:1      | Learned a level 2 spell: Ensorcelled Hibernation
   365 | D:3      | Reached XP level 3. HP: 6/21 MP: 0/5
   505 | D:3      | Noticed Ijyb
   525 | D:3      | Killed Ijyb
   594 | D:3      | Reached XP level 4. HP: 27/27 MP: 6/6
   736 | D:3      | Learned a level 3 spell: Confuse
   862 | D:3      | Reached skill level 5 in Short Blades
   907 | D:4      | Noticed an ogre
   907 | D:4      | Noticed an ogre
   908 | D:4      | Killed an ogre
   908 | D:4      | Reached XP level 5. HP: 31/31 MP: 7/7
   911 | D:4      | Killed an ogre
   911 | D:4      | Reached XP level 6. HP: 36/36 MP: 8/8
   923 | D:4      | Noticed Eustachio
  1342 | D:4      | Reached XP level 7. HP: 41/41 MP: 5/10
  1466 | D:4      | Noticed Eustachio
  1466 | D:4      | Eustachio changed into Eustachio the killer bee
  1479 | D:4      | Noticed Eustachio
  1479 | D:4      | Eustachio the killer bee changed into Eustachio the swamp
                  | drake
  1501 | D:5      | Entered Level 5 of the Dungeon
  1580 | D:4      | Killed Eustachio the swamp drake
  1585 | D:4      | Learned a level 3 spell: Dazzling Spray
  1624 | D:5      | Found the +9 staff of Olgreb {rPois}
  1628 | D:5      | Found a runed gate.
  1628 | D:5      | Noticed a water moccasin
  1628 | D:5      | Noticed a water moccasin
  1628 | D:5      | Noticed a soldier ant
  1628 | D:5      | Noticed a water moccasin
  1629 | D:5      | Found a runed door.
  1631 | D:5      | Noticed a water moccasin
  1640 | D:5      | Found a runed gate.
  1640 | D:5      | Found a runed gate.
  1642 | D:5      | Noticed a soldier ant
  1642 | D:5      | Noticed a soldier ant
  1662 | D:5      | Found a runed door.
  1748 | D:4      | Reached XP level 8. HP: 41/46 MP: 3/14
  1873 | D:5      | Found a staircase to the Ecumenical Temple.
  1890 | Temple   | Entered the Ecumenical Temple
  1997 | Temple   | Became a worshipper of Vehumet
  2096 | D:6      | Reached skill level 5 in Dodging
  2166 | D:6      | Found Yzablix's Antique Weapon Shop.
  2372 | D:5      | Reached skill level 1 in Fighting
  2489 | D:6      | Noticed Edmund
  2849 | D:5      | Reached XP level 9. HP: 39/58 MP: 4/15
  3167 | D:6      | Found Gimedal's Jewellery Shop.
  3201 | D:6      | Reached * piety under Vehumet
  3201 | D:6      | Offered knowledge of Sting by Vehumet.
  3227 | D:6      | Learned a level 1 spell: Sting
  3496 | D:6      | Found Eqie's Food Shop.
  4000 | D:8      | Found a staircase to the Lair.
  4015 | D:8      | Found a sand-covered staircase.
  4086 | Ossuary  | Entered an ossuary
  4228 | Ossuary  | Reached skill level 5 in Stealth
  4480 | D:8      | Reached skill level 1 in Evocations
  4483 | D:8      | Reached ** piety under Vehumet
  4498 | D:8      | Offered knowledge of Magic Dart by Vehumet.
  4597 | D:8      | Found a sacrificial altar of Ru.
  4776 | D:7      | Reached XP level 10. HP: 41/63 MP: 4/16
  4860 | D:7      | Offered knowledge of Ignite Poison by Vehumet.
  4879 | D:7      | Learned a level 3 spell: Ignite Poison
  4980 | D:7      | Reached skill level 1 in Conjurations
  5151 | D:5      | Reached *** piety under Vehumet
  5795 | D:5      | Reached skill level 5 in Fighting
  6351 | D:8      | Offered knowledge of Airstrike by Vehumet.
  6357 | D:8      | Learned a level 4 spell: Airstrike
  6459 | D:9      | Noticed a two-headed ogre
  6505 | D:9      | Killed a two-headed ogre
  6541 | D:10     | Entered Level 10 of the Dungeon
  6541 | D:10     | Found a transporter.
  6554 | D:9      | Reached XP level 11. HP: 75/75 MP: 17/17
  6743 | D:10     | Reached skill level 5 in Evocations
  6835 | D:10     | Reached skill level 1 in Air Magic
  6873 | D:10     | Reached skill level 2 in Air Magic
  6888 | D:10     | Reached skill level 3 in Air Magic
  6892 | D:10     | Reached **** piety under Vehumet
  6921 | D:10     | Found a roughly hewn altar of Beogh.
  6953 | D:10     | Offered knowledge of Bolt of Magma by Vehumet.
  7135 | D:10     | Noticed Duffy's ghost (journeyman NaGl)
  7135 | D:10     | Noticed a two-headed ogre
  7137 | D:10     | Found a transporter.
  7395 | D:11     | Identified a scroll of acquirement
  7486 | D:11     | Identified the +1 leather armour of Repulsion {rPois Str+3
                  | Int+3 Slay-3}
  7550 | D:11     | Noticed a brown ugly thing
  7600 | D:11     | Killed a brown ugly thing
  7647 | D:11     | Found a staircase to the Orcish Mines.
  7670 | Orc:1    | Entered Level 1 of the Orcish Mines
  7670 | Orc:1    | Noticed an orc knight
  7680 | Orc:1    | Reached ***** piety under Vehumet
  7684 | Orc:1    | Killed an orc knight
  7684 | Orc:1    | Offered knowledge of Fulminant Prism by Vehumet.
  7697 | Orc:1    | Found a flagged portal.
  7718 | Bailey   | Entered a bailey
  7915 | Bailey   | Reached XP level 12. HP: 84/84 MP: 6/18
  8207 | Orc:2    | Entered Level 2 of the Orcish Mines
  8492 | Orc:2    | Noticed a sun demon
  8564 | Orc:2    | Found Boaceo's Distillery.
  8574 | Orc:2    | Reached skill level 1 in Armour
  8584 | Orc:2    | Paralysed by an orc sorcerer for 5 turns
  8615 | Orc:2    | Paralysed by an orc sorcerer for 6 turns
  8668 | Orc:2    | Noticed Erolcha
  8673 | Orc:2    | Killed Erolcha
  8679 | Orc:2    | Found a radiant altar of Vehumet.
  8683 | Orc:2    | Found Ugoudab's Magic Scroll Shop.
  8732 | Orc:2    | Found an ancient bone altar of Kikubaaqudgha.
  8732 | Orc:2    | Noticed Nergalle
  8738 | Orc:2    | Killed Nergalle
  8860 | Orc:2    | Paralysed by an orc sorcerer for 4 turns
  8864 | Orc:2    | Reached skill level 5 in Spellcasting
  8886 | Orc:2    | Found Rison's Book Shop.
  8887 | Orc:2    | Found a roughly hewn altar of Beogh.
  8894 | Orc:2    | Found Tik Ekokak's Antique Weapon Boutique.
  8908 | Orc:2    | Bought a steaming scimitar for 342 gold pieces
  8908 | Orc:2    | Identified the +5 scimitar of Honanib {freeze, rC+ SInv}
                  | (You bought it in a shop on level 2 of the Orcish Mines)
  9051 | Orc:2    | Found a staircase to the Elven Halls.
  9062 | Elf:1    | Entered Level 1 of the Elven Halls
  9062 | Elf:1    | Noticed a +0 flail of holy wrath
  9062 | Elf:1    | Noticed a deep elf knight
  9062 | Elf:1    | Noticed a deep elf knight
  9062 | Elf:1    | Noticed a deep elf knight
  9062 | Elf:1    | Noticed a +0 mace of crushing
  9326 | Orc:1    | Offered knowledge of Sticky Flame by Vehumet.
  9499 | Orc:2    | Bought a potion of agility for 64 gold pieces
  9499 | Orc:2    | Bought a potion of haste for 160 gold pieces
  9522 | Orc:2    | Bought a scroll of blinking for 90 gold pieces
  9522 | Orc:2    | Bought a scroll of teleportation for 36 gold pieces
  9522 | Orc:2    | Bought 2 scrolls of fear for 84 gold pieces
  9522 | Orc:2    | Bought a scroll of enchant armour for 90 gold pieces
  9546 | Orc:2    | Bought 2 potions of curing for 96 gold pieces
  9546 | Orc:2    | Bought a potion of curing for 48 gold pieces
  9546 | Orc:2    | Bought a potion of curing for 48 gold pieces
  9546 | Orc:2    | Bought a potion of curing for 48 gold pieces
  9546 | Orc:2    | Bought a potion of haste for 160 gold pieces
  9714 | Lair:1   | Entered Level 1 of the Lair of Beasts
  9767 | Lair:1   | Noticed an eight-headed hydra
  9859 | Lair:1   | Killed an eight-headed hydra
  9900 | Lair:1   | Reached XP level 13. HP: 82/90 MP: 22/22
  9930 | Lair:1   | Found a white marble altar of Elyvilon.
 10304 | Lair:3   | Reached skill level 5 in Long Blades
 10610 | Lair:6   | Entered Level 6 of the Lair of Beasts
 10614 | Lair:6   | Got a brightly glowing dire flail
 10623 | Lair:6   | Killed a five-headed hydra
 10692 | Lair:6   | Found a staircase to the Slime Pits.
 11064 | Lair:6   | Noticed a catoblepas
 11128 | Lair:6   | Killed a catoblepas
 11179 | Lair:6   | Noticed an eight-headed hydra
 11239 | Lair:6   | Killed an eight-headed hydra
 11301 | Lair:6   | Got an ichor-stained spear
 11302 | Lair:6   | Identified the +3 spear "Mutid Coci" {drain, rElec rN+
                  | Str+2} (You found it on level 6 of the Lair of Beasts)
 11335 | Lair:6   | Offered knowledge of Conjure Ball Lightning by Vehumet.
 11337 | Lair:6   | Reached XP level 14. HP: 77/97 MP: 22/25
 11337 | Lair:6   | Reached skill level 10 in Long Blades
 11831 | Lair:2   | Found a staircase to the Swamp.
 12077 | Lair:4   | Found a hole to the Spider Nest.
 12095 | Spider:1 | Entered Level 1 of the Spider Nest
 12147 | Spider:1 | Learned a level 6 spell: Conjure Ball Lightning
 12161 | Spider:1 | Reached skill level 4 in Air Magic
 12181 | Spider:1 | Reached skill level 5 in Air Magic
 12351 | Lair:4   | Reached skill level 6 in Air Magic
 12730 | Lair:5   | Reached skill level 7 in Air Magic
 13167 | Spider:1 | Learned a level 5 spell: Irradiate
 13201 | Spider:2 | Noticed a spark wasp
 13207 | Spider:1 | Reached skill level 1 in Transmutations
 13228 | Spider:2 | Noticed an emperor scorpion
 13263 | Spider:2 | Reached XP level 15. HP: 101/101 MP: 22/26
 13284 | Spider:2 | Reached skill level 5 in Conjurations
 13284 | Spider:2 | Reached XP level 16. HP: 108/108 MP: 22/27
 13354 | Spider:4 | Entered Level 4 of the Spider Nest
 13395 | Spider:2 | Noticed Asterion
 13405 | Spider:2 | oh come on
 13588 | Spider:3 | Reached ****** piety under Vehumet
 13588 | Spider:3 | Offered knowledge of Orb of Destruction by Vehumet.
 13699 | Spider:3 | Reached skill level 10 in Dodging
 14029 | Spider:4 | Learned a level 3 spell: Mephitic Cloud
 14098 | Spider:4 | Paralysed by a hornet for 2 turns
 14246 | Spider:4 | Offered knowledge of Bolt of Cold by Vehumet.
 14721 | Spider:4 | Reached XP level 17. HP: 51/112 MP: 4/30
 14820 | Spider:4 | Gained mutation: You are somewhat resistant to both further
                  | mutation and mutation removal. [potion of mutation]
 15032 | Spider:4 | Reached skill level 10 in Spellcasting
 15187 | Spider:4 | Got a gossamer rune of Zot
 15414 | Lair:4   | Learned a level 5 spell: Lightning Bolt
 15508 | Swamp:1  | Entered Level 1 of the Swamp
 15866 | Swamp:3  | Noticed a thorn hunter
 15933 | Swamp:3  | Killed a thorn hunter
 16181 | Swamp:4  | Entered Level 4 of the Swamp
 16217 | Swamp:3  | Gained mutation: You are weak. (Str -2) [mutagenic glow]
 16492 | Swamp:4  | Gained mutation: You tend to lose your temper in combat.
                  | [mutagenic glow]
 16517 | Swamp:4  | Offered knowledge of Poison Arrow by Vehumet.
 16598 | Swamp:4  | Gained mutation: You are dopey. (Int -2) [mutagenic glow]
 16628 | Swamp:4  | Gained mutation: Your magical capacity is low. (-10% MP)
                  | [mutagenic glow]
 16640 | Swamp:4  | Noticed a thorn hunter
 16680 | Swamp:4  | Found a frozen archway.
 16684 | IceCv    | Entered an ice cave
 17702 | IceCv    | Reached skill level 8 in Air Magic
 17706 | IceCv    | Reached XP level 18. HP: 95/118 MP: 8/30
 17794 | IceCv    | Offered knowledge of Freezing Cloud by Vehumet.
 17820 | IceCv    | Noticed an Ice Fiend
 17838 | IceCv    | Killed an Ice Fiend
 17917 | IceCv    | Reached skill level 9 in Air Magic
 18028 | IceCv    | Got a brightly glowing leather armour
 18039 | IceCv    | Identified the +3 leather armour of Yredelemnul's Esteem
                  | {Dex+3} (You found it in an ice cave)
 18061 | IceCv    | Identified Sif Muna's Catalogue of Ghastly Ice
 18128 | Swamp:4  | Learned a level 6 spell: Freezing Cloud
 18143 | Swamp:4  | Reached skill level 1 in Ice Magic
 18587 | Swamp:4  | Got a decaying rune of Zot
 19290 | Orc:2    | Offered knowledge of Fire Storm by Vehumet.
 19290 | Orc:2    | Offered knowledge of Glaciate by Vehumet.
 19290 | Orc:2    | Offered knowledge of Chain Lightning by Vehumet.
 19356 | Orc:2    | Bought a book of the Sky for 1040 gold pieces
 19363 | Orc:2    | Learned a level 6 spell: Deflect Missiles
 19466 | Orc:2    | Found a roughly hewn altar of Beogh.
 19858 | D:13     | Lost mutation: You are weak. (Str -2) [potion of mutation]
 19916 | D:14     | Found Muuron's Distillery.
 20054 | D:15     | Entered Level 15 of the Dungeon
 20222 | D:14     | Reached skill level 1 in Charms
 20244 | D:14     | Found a gate to the Vaults.
 20289 | Vaults:1 | Entered Level 1 of the Vaults
 20314 | Vaults:1 | Reached skill level 5 in Charms
 20434 | D:14     | Reached XP level 19. HP: 108/124 MP: 14/32
 20492 | D:14     | Gained mutation: You are frail. (-10% HP) [mutagenic glow]
 20622 | D:14     | Learned a level 4 spell: Summon Lightning Spire
 20655 | Vaults:1 | Reached skill level 1 in Summonings
 20861 | Vaults:1 | Learned a level 1 spell: Summon Butterflies
 20863 | Vaults:1 | Learned a level 1 spell: Apportation
 20907 | Vaults:2 | Reached skill level 5 in Summonings
 21971 | Vaults:2 | Noticed Nikola
 22191 | Vaults:2 | Reached skill level 10 in Air Magic
 22191 | Vaults:2 | Reached XP level 20. HP: 54/116 MP: 11/34
 22464 | Vaults:2 | Reached skill level 11 in Air Magic
 22467 | Vaults:2 | Upgraded the game from 0.23-a0-612-gcb482e9 to
                  | 0.23-a0-619-g281719c
 22506 | Vaults:2 | Killed Nikola
 22506 | Vaults:2 | Reached skill level 12 in Air Magic
 22988 | D:14     | Noticed Nessos
 23003 | D:14     | Killed Nessos
 23416 | Orc:2    | Bought a book of Minor Magic for 320 gold pieces
 23419 | Orc:2    | Learned a level 2 spell: Blink
 23581 | D:12     | You are sucked into a shaft for 2 floors!
 23775 | Vaults:3 | Noticed Xtahua
 23790 | Vaults:3 | Killed Xtahua
 24091 | Vaults:3 | Noticed a Tzitzimitl
 24113 | Vaults:3 | Reached skill level 15 in Spellcasting
 24113 | Vaults:3 | Reached XP level 21. HP: 77/121 MP: 36/36
 24120 | Vaults:3 | Reached skill level 1 in Translocations
 24308 | Vaults:4 | Reached skill level 13 in Air Magic
 24541 | Vaults:4 | Lost mutation: Your magical capacity is low. (-10% MP)
                  | [potion of mutation]
 24541 | Vaults:4 | Lost mutation: You tend to lose your temper in combat.
                  | [potion of mutation]
 24542 | Vaults:4 | Lost mutation: You are frail. (-10% HP) [potion of
                  | mutation]
 24542 | Vaults:4 | Lost mutation: You are somewhat resistant to both further
                  | mutation and mutation removal. [potion of mutation]
 24542 | Vaults:4 | Lost mutation: You are dopey. (Int -2) [potion of mutation]
 24602 | Vaults:4 | Reached skill level 14 in Air Magic
 24747 | Vaults:4 | Learned a level 9 spell: Tornado
 24750 | Vaults:5 | Entered Level 5 of the Vaults
 24755 | Vaults:5 | Reached skill level 15 in Air Magic
 24769 | Vaults:4 | Found Taose's Book Emporium.
 25019 | Vaults:4 | Reached skill level 16 in Air Magic
 25235 | Vaults:4 | Reached XP level 22. HP: 47/141 MP: 22/41
 25607 | Vaults:3 | Found a staircase to the Crypt.
 25607 | Vaults:3 | Found an ancient bone altar of Kikubaaqudgha.
 25608 | Vaults:3 | Found a basalt altar of Yredelemnul.
 25614 | Crypt:1  | Entered Level 1 of the Crypt
 25971 | Orc:2    | Bought a scroll of brand weapon for 240 gold pieces
 25981 | Orc:2    | Learned a level 6 spell: Statue Form
 26288 | Vaults:4 | Reached skill level 1 in Earth Magic
 26342 | Vaults:5 | Noticed an ancient lich
 26353 | Vaults:5 | Killed an ancient lich
 26353 | Vaults:5 | Reached skill level 5 in Earth Magic
 26364 | Vaults:5 | Gained mutation: Scrolls take you a little longer to read.
                  | [mutagenic glow]
 26390 | Vaults:4 | Gained mutation: You are agile. (Dex +2) [mutagenic glow]
 26490 | Vaults:4 | Gained mutation: You have large cloven feet. [mutagenic
                  | glow]
 26513 | Vaults:4 | Lost mutation: Scrolls take you a little longer to read.
                  | [potion of mutation]
 26513 | Vaults:4 | Lost mutation: You are agile. (Dex +2) [potion of mutation]
 26513 | Vaults:4 | Lost mutation: You have large cloven feet. [potion of
                  | mutation]
 26513 | Vaults:4 | Gained mutation: You are weak. (Str -2) [potion of
                  | mutation]
 26513 | Vaults:4 | Lost mutation: You are weak. (Str -2) [potion of mutation]
 26597 | Vaults:5 | Noticed a golden dragon
 26643 | Vaults:5 | HP: 8/183 [ettin/+0 dire flail (26)]
 26659 | Vaults:5 | Killed from afar by a shadow dragon

Vault maps used:
D:1:      erik_arrival_cave_to_civilisation
D:2:      serial_rivers, chequers_serial_rivers_marsh,
          chequers_serial_rivers_small_3, chequers_serial_rivers_micro_e,
          chequers_serial_rivers_micro_d, chequers_serial_rivers_micro_e,
          lightli_corner_chamber
D:3:      minmay_inner_zag, first_ration, uniq_ijyb
D:4:      st_stairs_1, grunt_decor_arrowhead, uniq_eustachio
D:5:      nicolae_ru_path_of_blood, temple_statues,
          minmay_guarded_unrand_staff_of_olgreb
D:6:      serial_shops, shop, shop_statue, shop, uniq_edmund
D:8:      dpeg_oklobed_lair, basic_altar, enter_ossuary_1
D:9:      uniq_psyche
D:10:     special_room, gammafunk_ghost_smash
D:11:     kennysheep_orc_monster_closet_entryway, hangedman_ranch
D:12:     uniq_sonja
D:13:     statue_in_the_mist_lemuel
D:14:     grunt_vaults_entry_tiered, nicolae_two_hexagons, serial_shops, shop,
          uniq_nessos
D:15:     grunt_enter_depths_hoard, tso_altar, minmay_statues_item,
          minmay_stone_trees_small, minmay_misc_feat_rugged
Temple:   kilobyte_greek_temple
Lair:1:   basic_altar
Lair:2:   minmay_swamp_entry_swarm
Lair:3:   beast_lair_carwin_large_4, minivault_24,
          chequers_serial_rivers_small_a
Lair:4:   nicolae_spider_entry_orb_guardian, grunt_megastairs_5,
          serial_bayou_shore_a
Lair:5:   chequers_serial_rivers_micro_e, serial_bayou_pond_e
Lair:6:   grunt_lair_end_beastmaster, dpeg_slime_entry_corner
Swamp:1:  serial_swamp_ruin, evilmike_swamp_ruin_house_4,
          evilmike_swamp_ruin_house_2, evilmike_swamp_ruin_house_3, swamp_pool4,
          uniq_josephine
Swamp:2:  evilmike_swamp_ruin_rubble_2
Swamp:3:  hangedman_swamp_ruin_wall, st_swamp_ruins_4, infiniplex_staircase_pool
Swamp:4:  swamp, portal_ice_cave_entry_pillars_three, swamp_pool5
Spider:1: hangedman_spider_tarantella_strand
Spider:2: zaba_antful_of_joy, uniq_asterion
Spider:4: grunt_spider_rune_parallel, nicolae_orb_island
Orc:1:    enter_bailey_7, nicolae_orc_sculptors_studio
Orc:2:    kennysheep_orc_mage_school, basic_altar
Elf:1:    eino_elf_arrival_shootout, hangedman_elf_represent, door_vault,
          uniq_frances
Vaults:1: nicolae_vaults_network_quinsquares, vaults_room_pool,
          hangedman_vaults_nails, v_alt_pattern_4, ontoclasm_vaults_chip,
          vaults_room_mumra_shop_pool, special_room_vaults, vaults_room_pool,
          serial_shops, shop
Vaults:2: hangedman_vaults_river_flow, ontoclasm_vaults_misaligned, v_misc_19,
          vaults_mumra_chevron, vaults_dpeg_ring, nicolae_vaults_network_star,
          dpeg_vaults_monster_box, st_hourglassy, nicolae_vaults_rhombus_7,
          ontoclasm_vaults_pinch, v_misc_18, v_rooms_4, serial_ice_b,
          vaults_dpeg_hooks, hangedman_vaults_trim, uniq_nikola
Vaults:3: v_misc_33, nicolae_vaults_network_s, nicolae_vaults_little_squares_4,
          vaults_room_boxed, minmay_crypt_entry_necro_gods,
          nicolae_vaults_shelves_hall, grunt_vaults_hallway_short,
          nicolae_vaults_little_squares_6, hangedman_vaults_cutoff,
          ontoclasm_vaults_decontamination, hangedman_vaults_stitches,
          hangedman_vaults_cutoff, ontoclasm_vaults_ligature, uniq_xtahua
Vaults:4: nicolae_vaults_big_angled_halls, v_misc_23, hangedman_vaults_corner,
          v_rooms_1, nicolae_vaults_border_crossing, vaults_room_octagon,
          hangedman_vaults_trim, hangedman_vaults_snaps,
          hangedman_vaults_stream, v_misc_16, serial_shops,
          nicolae_shop_behind_doors
Vaults:5: serial_shops
Crypt:1:  basic_altar, uniq_frederick
Ossuary:  ossuary_due_cavern
Bailey:   bailey_polearm_flooded_kennysheep, bailey
IceCv:    ice_cave_caverns_01

Skill      XL: |  1  2  3  4  5  6  7  8  9 10 11 12 13 14 15 16 17 18 19 20 21 22 |
---------------+-------------------------------------------------------------------+-----
Short Blades   | 2 3 4 6 7 |  7.5
Spellcasting   | 2 4 6 7 9 11 12 13 15 | 15.0
Dodging        | 6 8 10 | 10.7
Fighting       | 3 4 7 8 9 |  9.1
Poison Magic   | 3 |  3.2
Stealth        | 5 8 |  8.7
Long Blades    | 2 9 11 13 | 13.5
Evocations     | 2 4 9 |  9.0
Conjurations   | 4 5 |  5.6
Air Magic      | 3 7 8 9 10 12 16 | 16.9
Armour         | 3 |  3.5
Transmutations | 2 4 |  4.1
Ice Magic      | 3 |  3.3
Charms         | 6 |  6.9
Summonings     | 6 |  6.4
Translocations | 3 |  3.1
Earth Magic    | 8 |  8.8
Hexes          | |  2.4

Action                   |  1- 3 |  4- 6 |  7- 9 | 10-12 | 13-15 | 16-18 | 19-21 | 22-24 || total
-------------------------+-------+-------+-------+-------+-------+-------+-------+-------++-------
Melee: Dagger            |    47 |   100 |   408 |   201 |    32 |    65 |    11 |    23 ||   887
       Unarmed           |    12 |       |       |       |       |       |       |       ||    12
       Staff             |       |       |       |    85 |    48 |    13 |    17 |       ||   163
       Long sword        |       |       |       |    16 |     3 |    68 |       |       ||    87
       Scimitar          |       |       |       |     5 |    55 |   545 |   284 |    47 ||   936
       Spear             |       |       |       |       |       |       |     1 |       ||     1
       Demon blade       |       |       |       |       |       |       |     9 |    32 ||    41
Throw: Tomahawk          |       |       |       |     1 |       |       |       |       ||     1
       Throwing net      |       |       |       |       |     2 |       |     1 |       ||     3
 Cast: Ensorcelled Hiber |    10 |    11 |    59 |    31 |    34 |     7 |     5 |       ||   157
       Corona            |     4 |     1 |       |       |       |       |       |       ||     5
       Confuse           |       |     2 |    38 |    14 |     1 |     7 |       |       ||    62
       Sting             |       |       |    10 |     6 |       |       |       |       ||    16
       Dazzling Spray    |       |       |       |     8 |     6 |    15 |     1 |       ||    30
       Ignite Poison     |       |       |       |    11 |    10 |    91 |    72 |     2 ||   186
       Airstrike         |       |       |       |     2 |     6 |    15 |     5 |       ||    28
       Irradiate         |       |       |       |       |       |    47 |    33 |    12 ||    92
       Mephitic Cloud    |       |       |       |       |       |    66 |    41 |     4 ||   111
       Conjure Ball Ligh |       |       |       |       |       |     1 |       |       ||     1
       Lightning Bolt    |       |       |       |       |       |     5 |       |       ||     5
       Freezing Cloud    |       |       |       |       |       |     1 |    25 |     2 ||    28
       Summon Lightning  |       |       |       |       |       |       |    17 |     4 ||    21
       Deflect Missiles  |       |       |       |       |       |       |     5 |     1 ||     6
       Apportation       |       |       |       |       |       |       |     3 |       ||     3
       Summon Butterflie |       |       |       |       |       |       |     2 |       ||     2
       Blink             |       |       |       |       |       |       |     1 |     8 ||     9
       Tornado           |       |       |       |       |       |       |     1 |     6 ||     7
       Statue Form       |       |       |       |       |       |       |       |     2 ||     2
 Abil: End Transformatio |       |       |       |       |       |       |       |     1 ||     1
Evoke: Wand              |       |       |     8 |     5 |     3 |    20 |       |     1 ||    37
       Staff of Olgreb   |       |       |       |   101 |   117 |   111 |   131 |     4 ||   464
       Lightning rod     |       |       |       |     5 |       |    14 |     5 |     2 ||    26
       Staff of energy   |       |       |       |       |       |     8 |       |       ||     8
       Lamp of fire      |       |       |       |       |       |       |     2 |       ||     2
       Sack of spiders   |       |       |       |       |       |       |     1 |       ||     1
  Use: Potion            |       |       |     4 |     2 |     1 |    15 |    12 |     7 ||    41
       Scroll            |       |       |    12 |    10 |     7 |    17 |     7 |     8 ||    61
 Stab: Sleeping          |    10 |    14 |    33 |    25 |    18 |     8 |     5 |       ||   113
       Confused          |     1 |       |     8 |     5 |       |     6 |     4 |     6 ||    30
       Distracted        |       |     1 |     1 |     2 |       |       |     4 |       ||     8
       Invisible         |       |       |       |     1 |     2 |    12 |       |       ||    15
       Paralysed         |       |       |       |     2 |     1 |     1 |       |       ||     4
       Held in net/web   |       |       |       |       |     2 |     2 |       |       ||     4
  Eat: Chunk             |       |     4 |    11 |    15 |    19 |    20 |    24 |     4 ||    97
       Ration            |       |       |     2 |     3 |       |     7 |     4 |     3 ||    19
Armor: Robe              |     5 |     7 |    20 |     3 |       |       |     9 |       ||    44
       Skin              |     1 |       |       |       |       |    12 |       |    82 ||    95
       Leather armour    |       |       |    24 |    40 |       |       |       |       ||    64
       Troll leather arm |       |       |       |    22 |   112 |   312 |    78 |     6 ||   530
Dodge: Dodged            |    47 |    38 |   338 |   363 |   587 |  1341 |   532 |   209 ||  3455
       Deflected         |       |       |       |       |       |       |    27 |    16 ||    43
       Rpst.: Long sword |       |       |       |     1 |     1 |    20 |       |       ||    22
       Scimitar          |       |       |       |     2 |    47 |   134 |    50 |     6 ||   239
       Demon blade       |       |       |       |       |       |       |     3 |     6 ||     9

Table legend:
 A = Non-vault XP
 B = Vault XP
 C = Vault XP percentage of total XP
 D = Non-vault monster count
 E = Vault monster count
 F = Vault count percentage of total count
                 A         B        C        D         E       F
            +---------+---------+-------+---------+---------+-------
      Total |  253295 |  281211 |  52.6 |     820 |     569 |  41.0
            +---------+---------+-------+---------+---------+-------
        D:1 |      10 |       2 |  16.7 |       6 |       2 |  25.0
        D:2 |       4 |       0 |   0.0 |       3 |       0 |   0.0
        D:3 |      76 |      47 |  38.2 |      24 |       4 |  14.3
        D:4 |     646 |     357 |  35.6 |      16 |       4 |  20.0
        D:5 |     737 |    1072 |  59.3 |      11 |      12 |  52.2
        D:6 |    1093 |       0 |   0.0 |      28 |       0 |   0.0
        D:7 |     607 |       0 |   0.0 |      19 |       0 |   0.0
        D:8 |     673 |       0 |   0.0 |      26 |       0 |   0.0
        D:9 |    1969 |       0 |   0.0 |      12 |       0 |   0.0
       D:10 |    1433 |     208 |  12.7 |      20 |      15 |  42.9
       D:11 |    1959 |    1811 |  48.0 |      20 |      21 |  51.2
       D:12 |    3925 |       0 |   0.0 |      18 |       0 |   0.0
       D:13 |    3723 |       0 |   0.0 |      17 |       0 |   0.0
       D:14 |   10814 |    8162 |  43.0 |      30 |      26 |  46.4
       D:15 |     534 |       0 |   0.0 |       1 |       0 |   0.0
     Lair:1 |    3619 |       0 |   0.0 |      13 |       0 |   0.0
     Lair:2 |    1888 |     871 |  31.6 |       7 |       5 |  41.7
     Lair:3 |    1489 |    2438 |  62.1 |       7 |      13 |  65.0
     Lair:4 |    5093 |     934 |  15.5 |      23 |       3 |  11.5
     Lair:5 |    7723 |       0 |   0.0 |      30 |       0 |   0.0
     Lair:6 |    2813 |    9819 |  77.7 |      11 |      18 |  62.1
    Swamp:1 |    2878 |       0 |   0.0 |      11 |       0 |   0.0
    Swamp:2 |    6088 |       0 |   0.0 |      14 |       0 |   0.0
    Swamp:3 |   10534 |    8148 |  43.6 |      29 |      12 |  29.3
    Swamp:4 |    8170 |   19185 |  70.1 |      30 |      26 |  46.4
   Spider:1 |    9240 |     227 |   2.4 |      33 |       1 |   2.9
   Spider:2 |    7695 |       0 |   0.0 |      18 |       0 |   0.0
   Spider:3 |   11942 |       0 |   0.0 |      39 |       0 |   0.0
   Spider:4 |   17767 |   22321 |  55.7 |      48 |      49 |  50.5
      Orc:1 |    2459 |      44 |   1.8 |      26 |       4 |  13.3
      Orc:2 |    1282 |    6977 |  84.5 |       6 |      34 |  85.0
   Vaults:1 |   29252 |    6824 |  18.9 |      65 |      24 |  27.0
   Vaults:2 |   40297 |   32407 |  44.6 |      72 |      47 |  39.5
   Vaults:3 |   24429 |   38374 |  61.1 |      41 |      35 |  46.1
   Vaults:4 |   22030 |   41725 |  65.4 |      27 |      58 |  68.2
   Vaults:5 |    8404 |   64898 |  88.5 |      19 |      46 |  70.8
    Ossuary |       0 |     726 | 100.0 |       0 |      14 | 100.0
     Bailey |       0 |    2165 | 100.0 |       0 |      37 | 100.0
      IceCv |       0 |   11469 | 100.0 |       0 |      59 | 100.0
            +---------+---------+-------+---------+---------+-------
